 Dungeon Crawl Stone Soup version 0.28-a0-861-ge64d6db94f (webtiles) character file.

Game seed: 4179846431148763974

343 bande the Covered (level 6, -2/38 HPs)
             Began as a Gargoyle Fighter on Nov 15, 2021.
             Slain by an ogre (11 damage)
             ... on level 4 of the Dungeon.
             The game lasted 00:05:42 (3305 turns).

bande the Covered (Gargoyle Fighter)                Turns: 3305, Time: 00:05:43

Health: -2/38      AC: 16    Str: 21    XL:     6   Next: 57%
Magic:  6/6        EV:  7    Int:  8    God:
Gold:   127        SH:  5    Dex: 10    Spells: 5/5 levels left

rFire   . . .      SeeInvis .   i - +0 hand axe (vorpal)
rCold   . . .      Faith    .   c - +1 buckler
rNeg    + . .      Spirit   .   e - +0 chain mail
rPois   ∞          Reflect  .   j - +0 helmet
rElec   +          Harm     .   (no cloak)
rCorr   .          Rampage  .   q - +0 pair of gloves
Will    .....                   (no boots)
Stlth   ..........              f - amulet of regeneration
HPRegen 1.12/turn               (no ring)
MPRegen 0.10/turn               (no ring)

@: no status effects
A: sickness immunity, AC +4, negative energy resistance 1, electricity
resistance, torment resistance 1, petrification resistance
a: no special abilities


You were on level 4 of the Dungeon.
You visited 1 branch of the dungeon, and saw 4 of its levels.

You collected 127 gold pieces.

Inventory:

Hand Weapons
 a - a +0 war axe
 g - a +0 flail
 i - a +0 vorpal hand axe (weapon)
Armour
 c - a +1 buckler (worn)
 e - a +0 chain mail (worn)
 j - a +0 helmet (worn)
 q - a +0 pair of gloves (worn)
Jewellery
 f - an amulet of regeneration (around neck)
Wands
 n - a wand of charming (7)
Scrolls
 l - 2 scrolls of teleportation {unknown}
 o - a scroll of identify
Potions
 b - 2 potions of curing
 d - a potion of might
 h - a potion of heal wounds
 k - a potion of flight {unknown}
 m - a potion of berserk rage {unknown}
 p - a potion of attraction {unknown}


   Skills:
 + Level 4.3 Fighting
 + Level 4.3 Axes
 + Level 4.5 Armour
 + Level 4.1 Shields
 * Level 0.9 Evocations


You had 5 spell levels left.
You didn't know any spells.
Your spell library contained the following spells:

 Spells                   Type           Power      Damage    Failure   Level
 Wereblood                Tmut           0%         N/A       99%         2
 Summon Forest            Summ/Tloc      0%         N/A       100%        5
 Eringya's Noxious Bog    Tmut/Pois      0%         N/A       100%        6
 Summon Hydra             Summ           0%         N/A       100%        7
 Sublimation of Blood     Necr           Unusable   N/A       N/A         2

Dungeon Overview and Level Annotations

Branches:
Dungeon (4/15)
 Temple: D:4-7

Altars:
Ashenzari
Uskayaw

Shops:
D:1 ?   D:3 :


Innate Abilities, Weirdness & Mutations

You are immune to sickness and miasma.
Your stone body is resilient. (AC +4)
You are immune to poison.
You resist negative energy. (rN+)
You are resistant to electric shocks. (rElec)
You are resistant to unholy torment.
You are immune to petrification.


Message History

The adder is moderately wounded.
The adder barely misses you.
You hit the adder.
The adder is severely wounded.
The adder barely misses you. The adder closely misses you.
You hit the adder.
The adder is almost dead.
The adder bites you but does no damage.
You barely miss the adder.
The adder is almost dead.
The adder barely misses you. The adder closely misses you.
You closely miss the adder.
The adder is almost dead.
The adder completely misses you.
You hit the adder.
You kill the adder!
No target in view!
No target in view!
You see here a +0 hand axe.
An ogre comes into view. It is wielding a +0 giant club.
An ogre is nearby!
The ogre hits you with a +0 giant club!
You hit the ogre.
The ogre is moderately wounded.
The ogre hits you with a +0 giant club!
You are too injured to fight recklessly!
You are too injured to fight recklessly!
You are too injured to fight recklessly!
You are too injured to fight recklessly!
You are too injured to fight recklessly!
You are too injured to fight recklessly!
You are too injured to fight recklessly!
You hit the ogre.
The ogre is moderately wounded.
The ogre hits you with a +0 giant club!
* * * LOW HITPOINT WARNING * * *
You hit the ogre.
The ogre is heavily wounded.
The ogre hits you with a +0 giant club!
You die...

#...........
#...........
##)..........
###............
#..............
##..#...........
##..##...........
##..###...........
#@.## #...........
#O.## #..........(
#..## #...........
#..# #...........
#... #....<......
#..## #....##.....
#..# #########..#
.## ##.# #.#


You could see an ogre.

Vanquished Creatures
  A scorpion (D:2)
  A howler monkey (D:3)
  Ijyb (D:3)
  An orc wizard (D:3)
  Robin (D:2)
  4 gnolls
  4 adders
  A worm (D:2)
  6 orcs (D:3)
  10 endoplasms
  A giant cockroach (D:2)
  18 goblins
  4 hobgoblins
  10 jackals
  6 quokkas
  8 ball pythons
  4 bats
  5 frilled lizards
  8 kobolds
  7 rats
101 creatures vanquished.

Notes
Turn   | Place    | Note
-------+----------+-------------------------------------------
     0 | D:1      | bande the Gargoyle Fighter began the quest for the Orb.
     0 | D:1      | Reached XP level 1. HP: 14/14 MP: 1/1
   120 | D:1      | Reached XP level 2. HP: 19/19 MP: 2/2
   222 | D:1      | Found a faded altar of an unknown god.
   303 | D:1      | Found Opibroxt's Magic Scroll Shoppe.
   827 | D:1      | Reached XP level 3. HP: 23/23 MP: 3/3
  1672 | D:2      | Reached XP level 4. HP: 29/29 MP: 4/4
  1706 | D:2      | Noticed Robin
  1716 | D:2      | Killed Robin
  2210 | D:2      | Noticed a scorpion
  2225 | D:2      | Killed a scorpion
  2226 | D:2      | Reached XP level 5. HP: 26/33 MP: 5/5
  2608 | D:3      | Noticed Ijyb
  2638 | D:3      | Killed Ijyb
  2791 | D:3      | Reached XP level 6. HP: 37/38 MP: 6/6
  2846 | D:3      | Found Liab Keo's Book Emporium.
  2866 | D:3      | Found a hide-covered altar of Uskayaw.
  2960 | D:3      | Found a broken altar of Ashenzari.
  3305 | D:4      | Slain by an ogre

Illustrated notes

Levels and vault maps discovered:
D:1:      eino_arrival_cavern_e, layout_basic,
          hellmonk_ecumenical_altar_slurped_away, serial_shops,
          nicolae_shop_trees, minmay_cut_off
D:2:      layout_loops_ring, uniq_robin
D:3:      kennysheep_goblin_castle, layout_rooms,
          nicolae_overflow_crystal_walls, nicolae_uskayaw_dance_hall,
          serial_shops, shop, minmay_misc_feat_pillars
D:4:      layout_layer_cave, minmay_shop_mayhem

Skill      XL: |  1  2  3  4  5  6 |
---------------+-------------------+-----
Axes           | 2 3 4 |  4.3
Fighting       | 4 |  4.3
Armour         | 4 |  4.5
Shields        | 4 |  4.1
Evocations     | |  0.9

Action                   |  1- 3 |  4- 6 || total
-------------------------+-------+-------++-------
Melee: War axe           |    27 |       ||    27
       Hand axe          |    89 |   215 ||   304
  Use: Scroll            |     3 |       ||     3
Armor: Scale mail        |     9 |       ||     9
       Chain mail        |    50 |   150 ||   200
Dodge: Dodged            |    35 |   105 ||   140
Block: Buckler           |    25 |    57 ||    82

Table legend: (Time is in decaauts)
 A = Elapsed time spent in this place.
 B = Non-inter-level travel time spent in this place.
 C = Inter-level travel time spent in this place.
 D = Time resting spent in this place.
 E = Time spent auto-exploring this place.
 F = Levels seen in this place.
 G = Mean time per level.
                   A        B        C        D        E       F      G
               +--------+--------+--------+--------+--------+-----+--------+
         Total |   3358 |   3284 |     74 |    100 |   2322 |   4 |  839.5 |
       Dungeon |   3358 |   3284 |     74 |    100 |   2322 |   4 |  839.5 |
               +--------+--------+--------+--------+--------+-----+--------+

Top non-repeatable levels by time:
     D:1: 1421 daAuts
     D:2: 1037 daAuts
     D:3: 750 daAuts
     D:4: 149 daAuts
